Map: Écho EC

Players

AgCl

  • Race: Protoss Protoss
  • League: Grandmaster

MuadDib - Winner!

  • Race: Protoss Protoss
  • League: Grandmaster

VOD

Have the link to the VOD?

Description

Time

  • Played on: June 15, 2015, 4:57 p.m.
  • Length: 5:29
Show
View Real Time Build Order
Export as new Build Order

AgCl Protoss 

Build Orders: Oracle Opening 

Get SALT Encoding   

  12  0:02  Probe  
  13  0:14  Probe  
  14  0:25  Pylon  
  14  0:32  Assimilator  
  14  0:43  Gateway  
  14  0:45  Probe (Chrono Boost)  
  15  0:55  Probe (Chrono Boost)  
  16  1:02  Probe (Chrono Boost)  
  17  1:14  Probe (Chrono Boost)  
  18  1:21  Probe (Chrono Boost)  
  19  1:31  Cybernetics Core, Probe (Chrono Boost)  
  20  1:35  Pylon  
  20  1:43  Probe (Chrono Boost)  
  21  1:49  Probe (Chrono Boost)  
  22  1:54  Assimilator  
  22  2:00  Probe  
  23  2:08  Warp Gate  
  23  2:15  Stargate  
  23  2:16  Probe (Chrono Boost)  
  23  2:20  Zealot  
  26  2:28  Probe (Chrono Boost)  
  27  2:35  Probe (Chrono Boost)  
  28  2:46  Mothership Core (Chrono Boost)  
  29  3:07  Gateway  
  29  3:14  Pylon  
  29  3:26  Nexus  
  29  3:27  Robotics Facility  
  29  3:31  Oracle (Chrono Boost)  
  32  3:46  Probe  
  33  3:51  Gateway, Pylon  
  33  3:53  Pylon  
  33  3:58  Probe  
  34  4:09  Phoenix (Chrono Boost)  
  28  4:19  Probe (Chrono Boost)  
  28  4:29  Probe (Chrono Boost)  
  29  4:36  Probe  
  30  4:40  Twilight Council  
  27  4:49  Probe (Chrono Boost)  
  28  4:56  Gateway  
  29  5:04  Stalker  
  29  5:05  Probe x2 (Chrono Boost)  
  32  5:08  Stalker  
  32  5:11  Probe  
  35  5:15  Probe  
  36  5:22  Stalker  
Show
View Real Time Build Order
Export as new Build Order

MuadDib Protoss - Winner!

Build Orders: Oracle Opening, Phoenix Opening 

Get SALT Encoding   

  12  0:01  Probe  
  13  0:14  Pylon  
  13  0:18  Probe  
  14  0:32  Probe (Chrono Boost)  
  14  0:34  Gateway  
  16  0:44  Probe (Chrono Boost)  
  16  0:50  Probe (Chrono Boost)  
  16  0:53  Assimilator  
  16  0:55  Assimilator  
  17  1:02  Probe (Chrono Boost)  
  18  1:08  Pylon  
  19  1:13  Probe (Chrono Boost)  
  19  1:22  Cybernetics Core  
  19  1:26  Probe (Chrono Boost)  
  20  1:38  Probe (Chrono Boost)  
  22  1:48  Probe (Chrono Boost), Pylon  
  22  1:54  Pylon  
  22  2:00  Probe (Chrono Boost), Warp Gate  
  23  2:10  Stargate  
  23  2:13  Probe (Chrono Boost)  
  23  2:14  Adept  
  26  2:21  Probe (Chrono Boost)  
  27  2:30  Mothership Core  
  29  2:56  Oracle (Chrono Boost)  
  32  3:06  Probe  
  32  3:09  Nexus  
  32  3:10  Adept  
  35  3:14  Pylon  
  35  3:18  Probe  
  36  3:26  Phoenix  
  38  3:32  Probe  
  39  3:41  Stalker  
  41  3:44  Probe  
  42  3:53  Pylon  
  42  3:56  Phoenix  
  42  3:57  Probe  
  45  4:09  Probe  
  46  4:32  Gateway  
  46  4:33  Phoenix (Chrono Boost)  
  50  4:53  Phoenix (Chrono Boost)  
  50  4:56  Gateway x2  
  50  5:06  Probe x2  
  52  5:10  Assimilator  
  52  5:11  Assimilator  
Tags
 
Add a new tag
Caveats
  • Supply blocks, unpowered buildings, or Contaminate may cause inaccurate times.
  • Supply counts are checked every 10 seconds.